 Dungeon Crawl Stone Soup version 0.29.0-4-gdea44cf6ec (webtiles) character file.

Game seed: 16220151336778173944

40 qw the Chopper (level 3, -1/21 HPs)
             Began as a Tengu Warper on Aug 28, 2022.
             Slain by Terence
             ... wielding a +0 trident
              (7 damage)
             ... on level 2 of the Dungeon.
             The game lasted 00:00:05 (804 turns).

qw the Chopper (Tengu Warper)                        Turns: 804, Time: 00:00:05

Health: -1/21      AC:  3    Str: 13    XL:     3   Next: 50%
Magic:  7/7        EV: 12    Int: 13    God:
Gold:   40         SH:  0    Dex: 13    Spells: 6/6 levels left

rFire   . . .      SeeInvis .   a - +0 hand axe
rCold   . . .      Faith    .   (no shield)
rNeg    . . .      Spirit   .   b - +0 leather armour
rPois   .          Reflect  .   (helmet restricted)
rElec   .          Harm     .   (no cloak)
rCorr   .          Rampage  .   (no gloves)
Will    .....                   (boots unavailable)
Stlth   +.........              (no amulet)
HPRegen 0.07/turn               (no ring)
MPRegen 0.10/turn               (no ring)

@: brilliant
A: beak, talons 3
a: no special abilities


You were on level 2 of the Dungeon.
You visited 1 branch of the dungeon, and saw 2 of its levels.

You collected 40 gold pieces.


Innate Abilities, Weirdness & Mutations

You have a beak for a mouth.
You have claws for feet.


   Skills:
 - Level 2.0 Fighting
 + Level 4.2 Axes
 - Level 1.0 Throwing
 - Level 1.1 Armour
 - Level 2.1 Dodging
 - Level 2.0 Spellcasting
 - Level 2.4 Translocations


You had 6 spell levels left.
You didn't know any spells.
Your spell library contained the following spells:

 Spells                   Type           Power      Damage    Failure   Level
 Blink                    Tloc           22%        N/A       19%         2
 Gell's Gravitas          Tloc           11%        N/A       36%         3
 Lesser Beckoning         Tloc           11%        N/A       36%         3
 Teleport Other           Tloc           11%        N/A       36%         3
 Manifold Assault         Tloc           11%        N/A       98%         5

Inventory:

Hand Weapons
 a - a +0 hand axe (weapon)
 g - a +0 mace
Missiles
 e - 5 boomerangs (quivered)
Armour
 b - a +0 leather armour (worn)
Potions
 f - a potion of haste {unknown}
 h - a potion of cancellation {unknown}

Dungeon Overview and Level Annotations

Branches:
Dungeon (2/15)

Altars:

Annotations:
D:2 Terence


Message History

Done exploring.
Done exploring.
778 ||| DRINKING 2 purple potions.
It was a potion of brilliance.
You feel clever all of a sudden.
Done exploring.
779 ||| DROPPING scroll of blinking.
You drop a scroll of blinking.
Done exploring.
780 ||| DROPPING potion of brilliance.
You drop a potion of brilliance.
Done exploring.
(D) Dungeon
Where to? (* - list waypoints, ? - help)
What level of the Dungeon? (default 1, ? - help)
There is a stone staircase leading down here.
You climb downwards.
Terence shouts!
Found 5 poisoned darts and a rapier.
Found a stone staircase leading up.
There is a stone staircase leading up here.
There are monsters nearby!
Existing waypoints: (2) D:1 Assign waypoint to what number? (0-9, D - delete waypoint) Waypoint 1 assigned to D:2.
Found 5 boomerangs and a lumpy amethyst amulet.
Terence closely misses you.
You barely miss Terence. You claw Terence, but do no damage. You hit the rat.
You kill the rat!
Terence closely misses you.
You barely miss Terence. Terence hits you with a +0 trident.
You hit Terence but do no damage. You peck Terence, but do no damage.
Terence closely misses you.
You hit Terence but do no damage. Your kick misses Terence.
Terence closely misses you.
You hit Terence. You peck Terence.
Terence is moderately wounded.
Terence hits you with a +0 trident!
You completely miss Terence.
Terence is moderately wounded.
Terence hits you with a +0 trident!
You die...

###.## #
.... #".)..
( ... #.#.#
..###.#.###
.<........#
#.@@<.#
......%(..#
.####.....#
#.....#
#######


You could see Terence.

Vanquished Creatures
  2 dart slugs (D:1)
  4 ball pythons (D:1)
  3 endoplasms (D:1)
  A giant cockroach (D:1)
  2 hobgoblins (D:1)
  4 jackals (D:1)
  6 bats (D:1)
  3 frilled lizards (D:1)
  2 goblins (D:1)
  3 kobolds (D:1)
  5 rats
35 creatures vanquished.

Notes
Turn   | Place    | Note
-------+----------+-------------------------------------------
     0 | D:1      | qw the Tengu Warper began the quest for the Orb.
     0 | D:1      | Reached XP level 1. HP: 12/12 MP: 4/4
     0 | D:1      | 0 ||| qw: Version: 0.1-a-89-g26bdef1
     0 | D:1      | 0 ||| qw: Game counter: 825
     0 | D:1      | 0 ||| qw: Always use a shield: true
     0 | D:1      | 0 ||| qw: God list: Okawaru
     0 | D:1      | 0 ||| qw: Allow faded altars: false
     0 | D:1      | 0 ||| qw: Do Orc after D:15 true
     0 | D:1      | 0 ||| qw: Do second Lair branch before Depths: true
     0 | D:1      | 0 ||| qw: Lair rune preference: random
     0 | D:1      | 0 ||| qw: Plans: Normal
     0 | D:1      | 0 ||| PLANNING D:1-11
    63 | D:1      | Reached XP level 2. HP: 17/17 MP: 6/6
    65 | D:1      | Reached skill level 3 in Axes
   403 | D:1      | 403 ||| DROPPING +0 club.
   419 | D:1      | 419 ||| Stepping ~*~*~tactically~*~*~ (stealth).
   422 | D:1      | 422 ||| Stepping ~*~*~tactically~*~*~ (stealth).
   424 | D:1      | 424 ||| Stepping ~*~*~tactically~*~*~ (stealth).
   437 | D:1      | 437 ||| Stepping ~*~*~tactically~*~*~ (stealth).
   469 | D:1      | 469 ||| Stepping ~*~*~tactically~*~*~ (stealth).
   471 | D:1      | 471 ||| Stepping ~*~*~tactically~*~*~ (stealth).
   474 | D:1      | Reached XP level 3. HP: 19/21 MP: 7/7
   536 | D:1      | Reached skill level 4 in Axes
   644 | D:1      | 644 ||| Stepping ~*~*~tactically~*~*~ (stealth).
   778 | D:1      | 778 ||| DRINKING 2 purple potions.
   779 | D:1      | 779 ||| DROPPING scroll of blinking.
   780 | D:1      | 780 ||| DROPPING potion of brilliance.
   797 | D:2      | Noticed Terence
   804 | D:2      | Slain by Terence

Levels and vault maps discovered:
D:1:      lightli_arrival_lavapool, layout_rooms
D:2:      layout_loops_ring, nicolae_eternal_life, uniq_crazy_yiuf_cottage,
          uniq_terence

Skill      XL: |  1  2  3 |
---------------+----------+-----
Axes           | 3 4 |  4.2
Fighting       | |  2.0
Throwing       | |  1.0
Armour         | |  1.1
Dodging        | |  2.1
Spellcasting   | |  2.0
Translocations | |  2.4

Action                   || total
-------------------------++-------
Melee: Hand axe          ||    55
       Kick              ||    12
       Peck              ||     6
       Punch             ||     1
Throw: Boomerang         ||    18
  Use: Potion            ||     1
Armor: Leather armour    ||    12
Dodge: Dodged            ||    30

Table legend:
 A = Non-vault XP
 B = Vault XP
 C = Vault XP percentage of total XP
 D = Non-vault monster count
 E = Vault monster count
 F = Vault count percentage of total count
                 A         B        C        D         E       F
            +---------+---------+-------+---------+---------+-------
      Total |      58 |       0 |   0.0 |      35 |       0 |   0.0
            +---------+---------+-------+---------+---------+-------
        D:1 |      57 |       0 |   0.0 |      34 |       0 |   0.0
        D:2 |       1 |       0 |   0.0 |       1 |       0 |   0.0
            +---------+---------+-------+---------+---------+-------
